 Dungeon Sprint DCSS version 0.30-a0-989-g0d87f670db (webtiles) character file.

Game seed: 305527607478363242

97041 holysushi the Talismancer (level 15, -9/112 HPs)
             Began as a Deep Elf Hunter on Apr 3, 2023.
             Was the Champion of Okawaru.
             Killed from afar by a Hell Sentinel (28 damage)
             ... with damnation
             ... in the Dungeon (Sprint V: "Ziggurat Sprint").
             The game lasted 00:14:19 (2394 turns).

holysushi the Talismancer (Deep Elf Hunter)         Turns: 2394, Time: 00:14:19

Health: -9/112     AC: 14    Str:  6    XL:     15   Next: 70%
Magic:  41/41      EV: 52    Int: 16    God:    Okawaru [******]
Gold:   0          SH:  5    Dex: 38    Spells: 14/14 levels left

rFire   x . .      SeeInvis +    b - +8 longbow "Zephyr" {speed, Dex+3 SInv}
rCold   + . .      Faith    .    (shield currently unavailable)
rNeg    + + +      Spirit   .    P - +5 robe of Night {Dark Will+ SInv}
rPois   .          Reflect  +    Z - +0 helmet of Context {rElec rN+++ Str-4 Slay+2}
rElec   +          Rampage  .    (no cloak)
rCorr   .          NoTele   +    C - +1 pair of gloves {Dex+3}
Will    ++...                    H - +2 pair of boots {Fly}
Stlth   +++++++                  Q - amulet of reflection
HPRegen 0.38/turn                m - ring "Emoaqot" {Ice rElec MP+9 Dex+4 Slay+5}
MPRegen 0.27/turn                v - +6 ring of dexterity

@: heroic, finesse-ful, flying, hasted, studying 2 skills, very quick
A: no striking features
a: Renounce Religion, Heroism, Finesse


You were in the Dungeon.
You worshipped Okawaru.
Okawaru was exalted by your worship.
You visited 1 branch

Inventory:

Hand Weapons
 a - the +27 heavy crossbow "Sniper" {heavy, Acc+∞ SInv}
   (You found it in the Dungeon)

   Acc+∞: It never misses its target.
   SInv:      It lets you see invisible.
 b - the +8 longbow "Zephyr" (weapon) {speed, Dex+3 SInv}
   (Okawaru gifted it to you in the Dungeon)

   Dex:       It affects your dexterity (+3).
   SInv:      It lets you see invisible.
 B - the +8 storm bow {elec, penet}
   (You found it in the Dungeon)
 G - the +6 longbow of Okawaru's Favour {heavy, rC++ Will+ Int-2}
   (Okawaru gifted it to you in the Dungeon)

   Int:       It affects your intelligence (-2).
   rC:        It greatly protects you from cold.
   Will:      It increases your willpower.
Armour
 c - a +0 leather armour
 C - a +1 pair of gloves of dexterity (worn)
 F - the +0 pair of gloves of Cigi {*Corrode rElec rN+ Str+3}
   (You found it in the Dungeon)

   Str:       It affects your strength (+3).
   rElec:     It insulates you from electricity.
   rN:        It protects you from negative energy.
   *Corrode:  It may corrode you when you take damage.
 H - a +2 pair of boots of flying (worn)
 L - a +0 helmet of intelligence
 O - the +1 hat of the Ego {rElec Str+2 SInv}
   (Okawaru gifted it to you in the Dungeon)

   Str:       It affects your strength (+2).
   rElec:     It insulates you from electricity.
   SInv:      It lets you see invisible.
 P - the +5 robe of Night (worn) {Dark Will+ SInv}
   (You found it in the Dungeon)

   Dark:      It shrouds the wearer in darkness, reducing the range at which
   they can see and be seen by others.
   SInv:      It lets you see invisible.
   Will:      It increases your willpower.
 Z - the +0 helmet of Context (worn) {rElec rN+++ Str-4 Slay+2}
   (Okawaru gifted it to you in the Dungeon)

   Str:       It affects your strength (-4).
   Slay:      It affects your accuracy & damage with ranged weapons and melee
   (+2).
   rElec:     It insulates you from electricity.
   rN:        It renders you almost immune to negative energy.
Jewellery
 m - the ring "Emoaqot" (left hand) {Ice rElec MP+9 Dex+4 Slay+5}
   (You found it in the Dungeon)

   [ring of ice]

   It enhances your ice magic.
   Dex:       It affects your dexterity (+4).
   Slay:      It affects your accuracy & damage with ranged weapons and melee
   (+5).
   rF:        It makes you vulnerable to fire.
   rC:        It protects you from cold.
   rElec:     It insulates you from electricity.
   MP:        It affects your magic capacity (+9).
 u - a ring of flight
 v - a +6 ring of dexterity (right hand)
 w - a +6 ring of dexterity
 x - a +6 ring of intelligence
 y - a +6 ring of intelligence
 z - a +6 ring of strength
 A - a +6 ring of strength
 I - the ring "Gurgh" {MP+9 Dex+3 SInv}
   (You found it in the Dungeon)

   [ring of magical power]

   Dex:       It affects your dexterity (+3).
   MP:        It affects your magic capacity (+9).
   SInv:      It lets you see invisible.
 J - the ring "Lewnueb" {Fire Will+ Int+3}
   (You found it in the Dungeon)

   [ring of fire]

   It enhances your fire magic.
   Int:       It affects your intelligence (+3).
   rF:        It protects you from fire.
   rC:        It makes you vulnerable to cold.
   Will:      It increases your willpower.
 K - a ring of protection from cold
 M - the ring of Interdependent Arising {rElec Slay+4}
   (You found it in the Dungeon)

   [ring of slaying]

   Slay:      It affects your accuracy & damage with ranged weapons and melee
   (+4).
   rElec:     It insulates you from electricity.
 N - a ring of magical power
 Q - an amulet of reflection (around neck)
 R - the ring "Quyg Sai" {rElec MP+9}
   (You found it in the Dungeon)

   [ring of magical power]

   rElec:     It insulates you from electricity.
   MP:        It affects your magic capacity (+9).
 S - an amulet of faith
 U - a ring of see invisible
 V - a ring of fire
 W - the ring "Jeqeokheph" {Drain rC++ rN+++ rCorr Stlth-}
   (You found it in the Dungeon)

   [ring of resist corrosion]

   rC:        It greatly protects you from cold.
   rN:        It renders you almost immune to negative energy.
   rCorr:     It protects you from acid and corrosion.
   Drain:     It drains your maximum health when unequipped.
   Stlth:     It makes you less stealthy.
 X - an amulet of the acrobat
 Y - a ring of protection from fire
Wands
 s - a wand of mindburst (7)
 t - a wand of acid (7)
Scrolls
 i - 3 scrolls of blinking
 o - 4 scrolls of amnesia
 p - 7 scrolls of fog
 q - 5 scrolls of identify
 r - a scroll of fear
 E - a scroll of immolation
Potions
 d - 9 potions of curing
 e - 5 potions of heal wounds
 f - 3 potions of haste
 g - 7 potions of magic
 h - 3 potions of berserk rage
 j - 2 potions of brilliance
 k - a potion of invisibility
 l - 4 potions of resistance
 n - 6 potions of might
Miscellaneous
 D - a box of beasts
 T - a condenser vane


   Skills:
 - Level 20.3(25.3) Fighting
 - Level 22.0(27) Ranged Weapons
 - Level 22.0(27) Dodging
 + Level 9.1(14.1) Stealth
 + Level 22.9 Invocations
 O Level 27 Evocations


You had 14 spell levels left.
You didn't know any spells.
Your spell library contained the following spells:

 Spells                   Type           Power      Damage    Failure   Level
 Kiss of Death            Conj/Necr      0%         2d5       26%         1
 Magic Dart               Conj           0%         1d3       26%         1
 Sandblast                Erth           0%         2d4       26%         1
 Sting                    Tmut/Pois      0%         1d3       26%         1
 Ensorcelled Hibernation  Hex/Ice        0%         N/A       36%         2
 Lesser Beckoning         Tloc           0%         N/A       36%         2
 Passwall                 Tmut/Erth      0%         N/A       36%         2
 Poisonous Vapours        Pois/Air       0%         N/A       36%         2
 Scorch                   Fire           0%         2d5       36%         2
 Sublimation of Blood     Necr           0%         N/A       36%         2
 Gell's Gravitas          Tloc           0%         N/A       58%         3
 Hailstorm                Conj/Ice       0%         3d3       58%         3
 Ignite Poison            Fire/Tmut/Pois 0%         N/A       58%         3
 Kindle Blastsparks       Fire/Tloc/Air  0%         2d10      58%         3
 Mephitic Cloud           Conj/Pois/Air  0%         N/A       58%         3
 Portal Projectile        Hex/Tloc       0%         N/A       58%         3
 Spider Form              Tmut/Pois      0%         N/A       58%         3
 Stone Arrow              Conj/Erth      0%         3d7       58%         3
 Teleport Other           Tloc           0%         N/A       58%         3
 Vhi's Electric Charge    Tloc/Air       0%         N/A       58%         3
 Flame Wave               Conj/Fire      0%         2d4       94%         4
 Ice Form                 Ice/Tmut       0%         N/A       94%         4
 Manifold Assault         Tloc           0%         N/A       94%         4
 Olgreb's Toxic Radiance  Pois           0%         N/A       94%         4
 Arcjolt                  Conj/Air       0%         1d10      100%        5
 Blade Hands              Tmut           0%         N/A       100%        5
 Freezing Cloud           Conj/Ice/Air   0%         6-21      100%        5
 Conjure Ball Lightning   Conj/Air       0%         3x3d6     100%        6
 Dispersal                Tloc           0%         N/A       100%        6
 Eringya's Noxious Bog    Tmut/Pois      0%         N/A       100%        6
 Storm Form               Tmut/Air       0%         N/A       100%        7
 Borgnjor's Revivificati  Necr           0%         N/A       100%        8
 Discord                  Hex            0%         N/A       100%        8
 Disjunction              Tloc           0%         N/A       100%        8
 Maxwell's Capacitive Co  Air            0%         ∞         100%        8
 Necromutation            Tmut/Necr      0%         N/A       100%        8
 Death's Door             Necr           0%         N/A       100%        9
 Tukima's Dance           Hex            Unusable   N/A       N/A         3
 Summon Cactus Giant      Summ           Unusable   N/A       N/A         6

Dungeon Overview and Level Annotations

Branches:
Dungeon (1/1) Zot: 27000

Altars:
Ashenzari
Cheibriados
Dithmenos
Elyvilon
Fedhas
Gozag
Hepliaklqana
Kikubaaqudgha
Makhleb
Nemelex Xobeh
Okawaru
Qazlal
Ru
Sif Muna
Trog
Uskayaw
Vehumet
Wu Jian
Xom
Yredelemnul
Zin
The Shining One
Jiyva
Lugonu


Message History

Aim: an iron golem (severely damaged, 91% to hit)
You shoot an arrow. The arrow hits the iron golem.
The iron golem is severely damaged.
Fire: b) +8 longbow "Zephyr" {speed, Dex+3 SInv}
Press: ? - help, Q - select action, (/) - cycle Shift-Dir - straight line, f/p - iron golem
Aim: an iron golem (severely damaged, 91% to hit)
You shoot an arrow. The arrow hits the iron golem!!
The iron golem is severely damaged.
The iron golem closely misses you. The iron golem hits you.
Fire: b) +8 longbow "Zephyr" {speed, Dex+3 SInv}
Press: ? - help, Q - select action, (/) - cycle Shift-Dir - straight line, f/p - iron golem
Aim: an iron golem (severely damaged, 91% to hit)
You shoot an arrow. The arrow hits the iron golem!!!
The iron golem is almost destroyed.
You hear a shout!
The crystal echidna throws crystal bolt at you.
The crystal bolt misses you.
The crystal bolt freezes the Hell Sentinel but does no damage.
The Hell Sentinel misses you. The Hell Sentinel closely misses you.
A crystal echidna comes into view.
The iron giant throws the iron giant at you!
* * * LOW HITPOINT WARNING * * *
An iron giant comes into view. It is wielding a +0 giant spiked club.
The iron giant closely misses you.
Fire: b) +8 longbow "Zephyr" {speed, Dex+3 SInv}
Press: ? - help, Q - select action, (/) - cycle Shift-Dir - straight line, f/p - iron golem
Aim: an iron golem (almost destroyed, 91% to hit)
You shoot an arrow. The arrow hits the iron golem!
The iron golem is almost destroyed.
Fire: b) +8 longbow "Zephyr" {speed, Dex+3 SInv}
Press: ? - help, Q - select action, (/) - cycle Shift-Dir - straight line, f - you, p - iron golem
Okay, then.
Blink to where?
Press: ? - help, Dir - move target, p - iron golem
As you read the scroll of blinking, it crumbles to dust.
The crystal echidna throws crystal bolt at you.
The crystal bolt misses you. The Hell Sentinel gestures at you.
The sphere of damnation explodes!
The damnation engulfs you!!
You die...

........Cr...▓
.▓....)))
.............▓
........)
........C..C.▓
.....©...
.........r1..▓
▓▓▓▓▓▓▓▓▓
..........1.1▓
..........9.§▓
...........Cr▓
.............▓
.....©.@.....▓
▓▓▓▓▓▓▓▓▓▓▓▓▓▓


You could see an iron golem, an iron giant, 3 Hell Sentinels and 2 crystal
echidnas.

Vanquished Creatures
  An ancient lich (D)
  A royal mummy (D)
  2 caustic shrikes (D)
  A bone dragon (D)
  2 liches (D)
  7 deep elf blademasters (D)
  4 deep elf master archers (D)
  A tentacled starspawn (D)
  2 nagarajas (D)
  2 shadow dragons (D)
  4 deep elf sorcerers (D)
  A quicksilver elemental (D)
  A draconian shifter (D)
  5 stone giants (D)
  7 deep elf annihilators (D)
  An iron golem (D)
  A mummy priest (D)
  3 merfolk impalers (D)
  2 deep elf high priests (D)
  3 merfolk javelineers (D)
  4 yaktaur captains (D)
  20 vault guards (D)
  A spriggan air mage (D)
  2 hydras (D)
  A centaur warrior (D)
  A merfolk aquamancer (D)
  2 dancing weapons (D)
  An anaconda (D)
  An alligator snapping turtle (D)
  A crystal echidna (D)
  3 soul eaters (D)
  4 deep elf knights (D)
  A sixfirhy (D)
  2 sea snakes (D)
  4 deep elf archers (D)
  3 deep elf pyromancers (D)
  A deep elf zephyrmancer (D)
  An orc sorcerer (D)
  2 manticores (D)
  3 cyclopes (D)
  2 elephants (D)
  2 guardian serpents (D)
  A naga mage (D)
  3 black mambas (D)
  2 water nymphs (D)
  6 cane toads (D)
  9 yaktaurs (D)
  A hellion (D)
  2 large abominations (D)
  An unseen horror (D)
  A rime drake (D)
  An ancient zyme (D)
  A hornet (D)
  A raiju (D)
  A jumping spider (D)
  4 spriggans (D)
  3 wyverns (D)
  2 yaks (D)
  An ushabti (D)
  A water elemental (D)
  A ynoxinul (D)
  A golden eye (D)
  5 nagas (D)
  3 water moccasins (D)
  A hell hound (D)
  2 black bears (D)
  2 wolves (D)
  6 centaurs (D)
  A phantom (D)
  A small abomination (D)
  2 bullfrogs (D)
  A scorpion (D)
  2 earth elementals (D)
  3 quasits (D)
  5 iron imps (D)
  6 starcursed masses (D)
  3 mummies (D)
  A river rat (D)
  4 shadow imps (D)
  3 white imps (D)
  4 ufetubi (D)
  An adder zombie (D)
  3 adder skeletons (D)
  A bat skeleton (D)
  2 bat zombies (D)
  2 ball pythons (D)
  A ball python skeleton (D)
  4 ball python zombies (D)
  A quokka skeleton (D)
  3 starspawn tentacles (D)
229 creatures vanquished.

Vanquished Creatures (others)
  8 starspawn tentacles (D)
8 creatures vanquished.

Grand Total: 237 creatures vanquished

Notes
Turn   | Place    | Note
-------+----------+-------------------------------------------
     0 | D        | holysushi the Deep Elf Hunter began the quest for the Orb.
     0 | D        | Reached XP level 1. HP: 12/12 MP: 3/3
     0 | D        | Found a shimmering blue altar of Sif Muna.
     0 | D        | Found a sacrificial altar of Ru.
     0 | D        | Found a bloodstained altar of Trog.
     0 | D        | Found a stormy altar of Qazlal.
     0 | D        | Found an iron altar of Okawaru.
     0 | D        | Found a sparkling altar of Nemelex Xobeh.
     0 | D        | Found a blossoming altar of Fedhas.
     0 | D        | Found the +6 Majin-Bo {spellvamp, MP+6 Int+6}
     0 | D        | Found the +27 heavy crossbow "Sniper" {heavy, Acc+∞ SInv}
     0 | D        | Found the +10 dark maul {heavy}
     0 | D        | Found the +15 Maxwell's patent armour {-Cast -Tele rElec
                  | Will+ rCorr}
     0 | D        | Found the +18 shield of the Gong {Loud rN+ Will+ rCorr
                  | EV-5}
     0 | D        | Found the +16 obsidian axe {drain, demonic, Mesm Drain Fly
                  | SInv}
     0 | D        | Found the +7 great mace "Firestarter" {flame, inner flame,
                  | rFlCloud rF++}
     0 | D        | Found the +6 shillelagh "Devastator" {shatter}
     0 | D        | Found the +11 plutonium sword {Contam Stlth-}
     0 | D        | Found the +8 lance "Wyrmbane" {slay drac, rPois rF+ rC+
                  | AC+3}
     0 | D        | Found the +9 sword of Zonguldrok {reap}
     0 | D        | Found the +13 scythe of Curses {drain, curses, Drain}
     0 | D        | Found the +9 sword of Power {lifebolt}
     0 | D        | Found the +7 mace of Variability {chaos, chain chaos}
     0 | D        | Found the +11 Singing Sword {sonic wave}
     0 | D        | Found the +8 storm bow {elec, penet}
     2 | D        | Found a transporter.
     2 | D        | Found an ancient bone altar of Kikubaaqudgha.
     2 | D        | Found a viscous altar of Jiyva.
     2 | D        | Found a corrupted altar of Lugonu.
     2 | D        | Found a hazy altar of Hepliaklqana.
     2 | D        | Found a burning altar of Makhleb.
     2 | D        | Found an opulent altar of Gozag.
    15 | D        | Reached XP level 2. HP: 16/16 MP: 4/4
    46 | D        | Became a worshipper of Warmaster Okawaru
    69 | D        | Entered arena 2.
    69 | D        | Noticed a jumping spider
    69 | D        | Noticed a scorpion
    69 | D        | Found a transporter.
    70 | D        | Killed a scorpion
    71 | D        | Reached XP level 3. HP: 19/20 MP: 4/8
    71 | D        | Reached XP level 4. HP: 24/25 MP: 4/9
    71 | D        | Killed a jumping spider
    71 | D        | Reached * piety under Okawaru
    72 | D        | Reached XP level 5. HP: 28/29 MP: 4/12
   141 | D        | Entered arena 3.
   141 | D        | Noticed a sixfirhy
   141 | D        | Found a transporter.
   142 | D        | Killed a sixfirhy
   142 | D        | Reached ** piety under Okawaru
   142 | D        | Reached *** piety under Okawaru
   143 | D        | Reached skill level 10 in Invocations
   143 | D        | Reached XP level 6. HP: 34/34 MP: 10/15
   143 | D        | Reached XP level 7. HP: 38/38 MP: 10/16
   144 | D        | Reached **** piety under Okawaru
   150 | D        | Got the ring "Emoaqot" {Ice rElec MP+9 Dex+4 Slay+5}
   154 | D        | Got the +2 pair of gloves "Cialyrak" {rElec}
   162 | D        | Entered arena 4.
   162 | D        | Found a transporter.
   173 | D        | Entered arena 5.
   173 | D        | Found a transporter.
   177 | D        | Reached XP level 8. HP: 34/43 MP: 17/17
   184 | D        | Got the Quarto of Evil Spells and Transmutation
   190 | D        | Entered arena 6.
   190 | D        | Noticed a deep elf knight
   190 | D        | Noticed a deep elf zephyrmancer
   190 | D        | Noticed a +5 short sword of protection
   190 | D        | Found a transporter.
   194 | D        | Killed a +5 short sword of protection
   196 | D        | Killed a deep elf knight
   196 | D        | Reached ***** piety under Okawaru
   196 | D        | Received a gift from Okawaru
   197 | D        | Reached XP level 9. HP: 43/47 MP: 15/21
   197 | D        | Killed a deep elf zephyrmancer
   211 | D        | Entered arena 7.
   211 | D        | Found the +7 Spriggan's Knife {stab, EV+4 Stlth+}
   211 | D        | Noticed a royal mummy
   211 | D        | Noticed a mummy priest
   216 | D        | Killed a royal mummy
   216 | D        | Identified the +6 longbow of Okawaru's Favour {heavy, rC++
                  | Will+ Int-2} (Okawaru gifted it to you in the Dungeon)
   216 | D        | Received a gift from Okawaru
   217 | D        | Reached skill level 15 in Dodging
   217 | D        | Reached XP level 10. HP: 37/52 MP: 19/22
   217 | D        | Killed a mummy priest
   224 | D        | Found a transporter.
   231 | D        | Got the Commentary on Hexes and Battle Magic
   300 | D        | Entered arena 8.
   300 | D        | Noticed a spriggan rider
   304 | D        | Killed a spriggan rider
   307 | D        | Found a transporter.
   313 | D        | Got the +0 pair of gloves of Cigi {*Corrode rElec rN+
                  | Str+3}
   318 | D        | Entered arena 9.
   323 | D        | Received a gift from Okawaru
   323 | D        | Found the +8 longbow "Zephyr" {speed, Dex+3 SInv}
   329 | D        | Found a transporter.
   350 | D        | Entered arena 10.
   350 | D        | Noticed a cane toad
   350 | D        | Noticed a cane toad
   353 | D        | Killed a cane toad
   354 | D        | Reached skill level 15 in Invocations
   354 | D        | Reached XP level 11. HP: 56/56 MP: 24/24
   374 | D        | Found a transporter.
   389 | D        | Got the ring "Gurgh" {MP+9 Dex+3 SInv}
   394 | D        | Entered arena 11.
   394 | D        | Found the dreamshard necklace {*Dream Drain}
   394 | D        | Noticed a purple draconian shifter
   407 | D        | Killed a purple draconian shifter
   414 | D        | Found a transporter.
   431 | D        | Got the ring "Panel" {+Blink rN++ Str+6 Dex-4 SInv}
   435 | D        | Entered arena 12.
   435 | D        | Noticed a vault guard
   435 | D        | Noticed a vault guard
   435 | D        | Noticed a vault guard
   436 | D        | Killed a vault guard
   436 | D        | Noticed a vault guard
   436 | D        | Noticed a vault guard
   436 | D        | Noticed a vault guard
   437 | D        | Killed a vault guard
   438 | D        | Noticed a vault guard
   438 | D        | Noticed a vault guard
   439 | D        | Killed a vault guard
   439 | D        | Reached ****** piety under Okawaru
   440 | D        | Killed a vault guard
   442 | D        | Killed a vault guard
   444 | D        | Killed a vault guard
   447 | D        | Killed a vault guard
   447 | D        | Identified the +5 short sword of Duahovvu {speed, rElec}
                  | (Okawaru gifted it to you in the Dungeon)
   447 | D        | Received a gift from Okawaru
   451 | D        | Killed a vault guard
   452 | D        | Reached XP level 12. HP: 37/66 MP: 27/27
   495 | D        | Found a transporter.
   510 | D        | Got the ring of Interdependent Arising {rElec Slay+4}
   546 | D        | Entered arena 13.
   546 | D        | Noticed a deep elf annihilator
   546 | D        | Noticed a deep elf blademaster
   546 | D        | Noticed a deep elf annihilator
   547 | D        | Identified the amulet "Ditihac" {Acrobat Int+4 Slay+3}
   547 | D        | Noticed a deep elf annihilator
   555 | D        | Noticed a deep elf annihilator
   557 | D        | Killed a deep elf blademaster
   558 | D        | Reached skill level 5 in Fighting
   563 | D        | Killed a deep elf annihilator
   567 | D        | Killed a deep elf annihilator
   573 | D        | Killed a deep elf annihilator
   580 | D        | Killed a deep elf annihilator
   584 | D        | Found a transporter.
   594 | D        | Entered arena 14.
   595 | D        | Noticed a tentacled starspawn
   595 | D        | Noticed an ancient lich
   597 | D        | Noticed a starcursed mass
   599 | D        | Noticed a bone dragon
   599 | D        | Killed an ancient lich
   599 | D        | Identified the +2 pair of boots of Surprise {rF+ rN+ Will-}
                  | (Okawaru gifted it to you in the Dungeon)
   599 | D        | Received a gift from Okawaru
   600 | D        | Reached skill level 10 in Fighting
   622 | D        | Killed a bone dragon
   623 | D        | Reached XP level 13. HP: 30/84 MP: 30/30
   627 | D        | Paralysed by accursed screaming for 2 turns
   651 | D        | Killed a tentacled starspawn
   662 | D        | Found a transporter.
   841 | D        | Entered arena 15.
   842 | D        | Noticed a merfolk javelineer
   842 | D        | Noticed a merfolk impaler
   842 | D        | Noticed a merfolk javelineer
   846 | D        | Killed a merfolk impaler
   846 | D        | Noticed a merfolk impaler
   863 | D        | Killed a merfolk javelineer
   872 | D        | Noticed a merfolk impaler
   873 | D        | Killed a merfolk impaler
   876 | D        | Killed a merfolk javelineer
   876 | D        | Received a gift from Okawaru
   877 | D        | Reached skill level 15 in Fighting
   885 | D        | Killed a merfolk impaler
   890 | D        | Found a transporter.
  1036 | D        | Got the ring "Lewnueb" {Fire Will+ Int+3}
  1047 | D        | Entered arena 16.
  1048 | D        | Noticed a shadow dragon
  1058 | D        | Killed a shadow dragon
  1064 | D        | Noticed a shadow dragon
  1065 | D        | Identified the +1 hat of the Ego {rElec Str+2 SInv}
                  | (Okawaru gifted it to you in the Dungeon)
  1065 | D        | Received a gift from Okawaru
  1084 | D        | Killed a shadow dragon
  1093 | D        | Found the +5 robe of Night {Dark Will+ SInv}
  1094 | D        | Found a transporter.
  1147 | D        | Entered arena 17.
  1275 | D        | Found a transporter.
  1285 | D        | Got the ring "Quyg Sai" {rElec MP+9}
  1309 | D        | Entered arena 18.
  1322 | D        | Noticed a nagaraja
  1334 | D        | Reached XP level 14. HP: 96/104 MP: 31/31
  1335 | D        | Killed a nagaraja
  1344 | D        | Identified the +8 dire flail "Vyilie" {drain, Str+3}
  1366 | D        | Received a gift from Okawaru
  1385 | D        | Noticed a nagaraja
  1392 | D        | Killed a nagaraja
  1671 | D        | Found a transporter.
  1678 | D        | Got the ring "Jeqeokheph" {Drain rC++ rN+++ rCorr Stlth-}
  1695 | D        | Entered arena 19.
  1700 | D        | Noticed a lich
  1700 | D        | Noticed a stone giant
  1700 | D        | Noticed a stone giant
  1700 | D        | Noticed a lich
  1712 | D        | Reached skill level 3 in Evocations
  1713 | D        | Identified the +7 quarterstaff "Rerrexie" {drain, Int+2}
  1717 | D        | Reached skill level 5 in Evocations
  1721 | D        | Reached skill level 6 in Evocations
  1726 | D        | Killed a stone giant
  1727 | D        | Reached skill level 7 in Evocations
  1728 | D        | Killed a stone giant
  1729 | D        | Reached skill level 8 in Evocations
  1737 | D        | Reached skill level 9 in Evocations
  1744 | D        | Killed a lich
  1745 | D        | Reached skill level 11 in Evocations
  1753 | D        | Reached skill level 12 in Evocations
  1757 | D        | Reached skill level 13 in Evocations
  1765 | D        | Reached skill level 14 in Evocations
  1767 | D        | Killed a lich
  1767 | D        | Received a gift from Okawaru
  1768 | D        | Reached skill level 15 in Evocations
  1781 | D        | Found a transporter.
  1787 | D        | Entered arena 20.
  1794 | D        | Noticed a stone giant
  1807 | D        | Reached skill level 16 in Evocations
  1812 | D        | Killed a stone giant
  1812 | D        | Identified the +1 dire flail of Balance {antimagic, Str+3
                  | Dex-2 SInv}
  1823 | D        | Reached skill level 17 in Evocations
  1826 | D        | Noticed a stone giant
  1838 | D        | Killed a stone giant
  1838 | D        | Noticed a stone giant
  1839 | D        | Reached skill level 18 in Evocations
  1844 | D        | Killed a stone giant
  1851 | D        | Identified the +1 arbalest of the Moon {freeze, Fragile
                  | Will++ Int+4} (Okawaru gifted it to you in the Dungeon)
  1851 | D        | Received a gift from Okawaru
  1858 | D        | Reached skill level 19 in Evocations
  1859 | D        | Noticed a deep elf master archer
  1871 | D        | Killed a deep elf master archer
  1872 | D        | Reached skill level 20 in Evocations
  1978 | D        | Found a transporter.
  1998 | D        | Entered arena 21.
  2004 | D        | Noticed a deep elf sorcerer
  2004 | D        | Noticed a deep elf sorcerer
  2004 | D        | Noticed a deep elf blademaster
  2004 | D        | Noticed a deep elf blademaster
  2005 | D        | Noticed a deep elf master archer
  2014 | D        | Killed a deep elf blademaster
  2015 | D        | Reached XP level 15. HP: 40/112 MP: 32/32
  2015 | D        | Killed a deep elf sorcerer
  2018 | D        | Noticed a deep elf blademaster
  2020 | D        | Killed a deep elf sorcerer
  2021 | D        | Reached skill level 21 in Evocations
  2030 | D        | Killed a deep elf blademaster
  2037 | D        | Reached skill level 22 in Evocations
  2041 | D        | Identified the +3 leather armour "Uryosk" {Contam Fly Int+4
                  | Dex-5}
  2054 | D        | Killed a deep elf blademaster
  2054 | D        | Identified the +0 helmet of Context {rElec rN+++ Str-4
                  | Slay+2} (Okawaru gifted it to you in the Dungeon)
  2054 | D        | Received a gift from Okawaru
  2054 | D        | Noticed a deep elf blademaster
  2055 | D        | Noticed a deep elf sorcerer
  2057 | D        | Killed a deep elf master archer
  2063 | D        | Killed a deep elf sorcerer
  2064 | D        | Reached skill level 23 in Evocations
  2069 | D        | Killed a deep elf blademaster
  2070 | D        | Noticed a deep elf master archer
  2078 | D        | Identified the staff of earth "Boadghos" {rF+ Int+4}
  2079 | D        | Killed a deep elf master archer
  2080 | D        | Reached skill level 24 in Evocations
  2097 | D        | Reached skill level 25 in Evocations
  2106 | D        | Noticed a deep elf sorcerer
  2108 | D        | Killed a deep elf sorcerer
  2108 | D        | Noticed a deep elf blademaster
  2120 | D        | Killed a deep elf blademaster
  2132 | D        | Reached skill level 26 in Evocations
  2135 | D        | Noticed a deep elf blademaster
  2149 | D        | Killed a deep elf blademaster
  2150 | D        | Noticed a deep elf master archer
  2152 | D        | Killed a deep elf master archer
  2276 | D        | Identified the +0 plate armour of Subjectivity {Harm rC+
                  | rN+ Will-}
  2284 | D        | Found a transporter.
  2287 | D        | Got the Lessons on the Welkin and Poisoning
  2321 | D        | Entered arena 22.
  2328 | D        | Noticed a Hell Sentinel
  2328 | D        | Noticed a caustic shrike
  2328 | D        | Noticed a quicksilver elemental
  2328 | D        | Noticed an iron giant
  2346 | D        | Reached skill level 27 in Evocations
  2361 | D        | Noticed a caustic shrike
  2364 | D        | Noticed a quicksilver elemental
  2365 | D        | Noticed a Hell Sentinel
  2369 | D        | Killed a caustic shrike
  2369 | D        | Identified the +1 hat "Sedit" {Fly Str+4} (Okawaru gifted
                  | it to you in the Dungeon)
  2369 | D        | Received a gift from Okawaru
  2370 | D        | Reached skill level 5 in Stealth
  2374 | D        | Noticed a Hell Sentinel
  2374 | D        | Noticed an iron giant
  2375 | D        | Killed a quicksilver elemental
  2379 | D        | Killed a caustic shrike
  2383 | D        | Noticed a Hell Sentinel
  2383 | D        | Noticed an iron giant
  2392 | D        | Noticed an iron giant
  2394 | D        | Killed from afar by a Hell Sentinel

Illustrated notes

Levels and vault maps discovered:
D:        sprint_v [room_start, room_1, room_2, room_3, room_4, room_5, room_6,
          room_7, room_8, room_9, room_10, room_11, room_12, room_13, room_14,
          room_15, room_16, room_17, room_18, room_19, room_20, room_21,
          room_22, room_23, room_24, room_25, room_26, room_27]

Skill      XL: |  1  2  3  4  5  6  7  8  9 10 11 12 13 14 15 |
---------------+----------------------------------------------+-----
Ranged Weapons | 11 12 14 18 19 22 | 22.0
Invocations    | 4 7 10 13 14 15 18 22 | 22.9
Dodging        | 15 18 22 | 22.0
Fighting       | 3 11 18 20 | 20.3
Evocations     | 20 27 | 27.0
Stealth        | 9 |  9.1

Action                     |  1- 3 |  4- 6 |  7- 9 | 10-12 | 13-15 || total
---------------------------+-------+-------+-------+-------+-------++-------
   Fire: Heavy crossbow    |     9 |     2 |    23 |    40 |    35 ||   109
         Longbow           |       |       |       |   110 |   433 ||   543
 Invoke: Heroism           |       |     1 |     1 |     3 |     8 ||    13
         Finesse           |       |       |     1 |     3 |     7 ||    11
  Evoke: Condenser vane    |       |       |       |       |     1 ||     1
    Use: Potion            |     1 |       |       |     1 |    13 ||    15
         Scroll            |       |       |       |       |     2 ||     2
 Armour: Leather armour    |       |       |       |     2 |    25 ||    27
         Robe              |       |       |       |       |    20 ||    20
  Dodge: Dodged            |     1 |       |       |    62 |   492 ||   555
  Block: Other             |       |       |       |       |    38 ||    38
         Reflection        |       |       |       |       |     7 ||     7

Table legend: (Time is in decaauts)
 A = Elapsed time spent in this place.
 B = Non-inter-level travel time spent in this place.
 C = Inter-level travel time spent in this place.
 D = Time resting spent in this place.
 E = Time spent auto-exploring this place.
 F = Levels seen in this place.
 G = Mean time per level.
                   A        B        C        D        E       F      G
               +--------+--------+--------+--------+--------+-----+--------+
         Total |   2008 |   2002 |      6 |   1014 |     81 |   1 | 2008.0 |
       Dungeon |   2008 |   2002 |      6 |   1014 |     81 |   1 | 2008.0 |
               +--------+--------+--------+--------+--------+-----+--------+

Top non-repeatable levels by time:
       D: 2008 daAuts
